 Dungeon Crawl Stone Soup version 0.30.1 (webtiles) character file.

Game seed: 745928668564822890

114737 McKennaii the Devastator (level 15, -1/94 (99) HPs)
             Began as a Demigod Conjurer on July 8, 2023.
             Slain by a +2 halberd of venom (21 damage)
             ... on level 1 of the Elven Halls.
             The game lasted 00:56:52 (39437 turns).

McKennaii the Devastator (Demigod Conjurer)        Turns: 39437, Time: 00:56:53

HP:   -1/94 (99)    AC: 10    Str: 18      XL:     15   Next: 69%
MP:   0/41          EV: 12    Int: 48      God:
Gold: 935           SH:  0    Dex: 13 (14) Spells: 23/47 levels left

rFire   . . .        x - +3 flail (holy)
rCold   . . .        (no shield)
rNeg    . . .        J - +2 robe {Archmagi}
rPois   +            N - +2 helmet {Int+3}
rElec   +            r - +0 cloak
rCorr   .            l - +0 pair of gloves
SInv    .            y - +0 pair of boots
Will    +....        U - amulet of the acrobat
Stlth   +++          P - ring "Zuskix Sic" {rPois Int+6 Stlth+}
HPRegen 0.35/turn    A - ring of the Blue Skies {rElec Str+6 Dex+3}
MPRegen 0.27/turn

%: acrobat, archmagi
@: drained
A: high MP 1, forlorn, divine attributes, hooves 1, deterioration 1, strong 1
a: no special abilities


You were on level 1 of the Elven Halls.
You visited 4 branches of the dungeon, and saw 23 of its levels.
You also visited: Ossuary and Gauntlet.

You collected 3080 gold pieces.
You spent 2145 gold pieces at shops.

Inventory:

Hand Weapons
 x - a +3 flail of holy wrath (weapon)
Armour
 l - a +0 pair of gloves (worn)
 r - a +0 cloak (worn)
 y - a +0 pair of boots (worn)
 J - a +2 robe of the Archmagi (worn)
 N - a +2 helmet of intelligence (worn)
Jewellery
 k - a ring of positive energy
 A - the ring of the Blue Skies (right hand) {rElec Str+6 Dex+3}
   (You found it in a Gauntlet)

   [ring of strength]

   Str:       It affects your strength (+6).
   Dex:       It affects your dexterity (+3).
   rElec:     It insulates you from electricity.
 F - the ring "Qinkyif" {Ice *Slow rPois Int+3}
   (You found it on level 5 of the Dungeon)

   [ring of ice]

   It enhances your ice magic.
   Int:       It affects your intelligence (+3).
   rF:        It makes you vulnerable to fire.
   rC:        It protects you from cold.
   rPois:     It protects you from poison.
   *Slow:     It may slow you when you take damage.
 M - a ring of wizardry
 O - a ring of willpower
 P - the ring "Zuskix Sic" (left hand) {rPois Int+6 Stlth+}
   (You found it on level 1 of the Lair of Beasts)

   [ring of intelligence]

   Int:       It affects your intelligence (+6).
   rPois:     It protects you from poison.
   Stlth:     It makes you more stealthy.
 U - an amulet of the acrobat (around neck)
Wands
 q - a wand of iceblast (33)
 G - a wand of digging (5)
 H - a wand of paralysis (12)
 I - a wand of flame (43)
 L - a wand of mindburst (8)
Scrolls
 a - 2 scrolls of brand weapon
 e - 2 scrolls of amnesia
 i - 3 scrolls of immolation
 m - 7 scrolls of fog
 n - 7 scrolls of enchant weapon
 t - 2 scrolls of enchant armour
 u - 5 scrolls of vulnerability
 w - 9 scrolls of teleportation
 E - a scroll of summoning
 K - 5 scrolls of fear
 R - a scroll of identify
 S - 4 scrolls of poison
 T - a scroll of silence
Potions
 b - 5 potions of magic
 c - 16 potions of curing
 d - 2 potions of mutation
 f - 4 potions of lignification
 g - a potion of experience
 h - 6 potions of brilliance
 j - 6 potions of resistance
 o - 2 potions of berserk rage
 p - 4 potions of might
 s - 3 potions of cancellation
 v - 5 potions of attraction
 z - 2 potions of flight
 B - 5 potions of ambrosia
 C - 2 potions of invisibility
 D - 7 potions of heal wounds
 Q - a potion of haste


   Skills:
 - Level 1.7 Dodging
 - Level 1.7 Stealth
 + Level 16.5 Spellcasting
 - Level 18.0 Conjurations
 * Level 10.4 Earth Magic


You had 23 spell levels left.
You knew the following spells:

 Your Spells              Type           Power      Damage    Failure   Level
a - Magic Dart            Conj           100%       1d8       0%          1
b - Searing Ray           Conj           100%       2d8       0%          2
c - Iskenderun's Mystic   Conj/Tloc      100%       2d19      1%          4
d - Iron Shot             Conj/Erth      66%        9d12      1%          6
e - Conjure Ball Lightni  Conj/Air       56%        3x3d20    1%          6
f - Freezing Cloud        Conj/Ice/Air   49%        6-21      1%          5

Your spell library contained the following spells:

 Spells                   Type           Power      Damage    Failure   Level
 Kiss of Death            Conj/Necr      100%       2d13      0%          1
 Sandblast                Erth           100%       2d20      0%          1
 Shock                    Conj/Air       100%       1d9       0%          1
 Stone Arrow              Conj/Erth      100%       3d13      0%          3
 Iskenderun's Battlesphe  Conj           100%       2d15      0%          5
 Sting                    Tmut/Pois      100%       1d8       1%          1
 Summon Small Mammal      Summ           100%       N/A       1%          1
 Blink                    Tloc           100%       N/A       1%          2
 Call Imp                 Summ           100%       N/A       1%          2
 Lesser Beckoning         Tloc           100%       N/A       1%          2
 Momentum Strike          Conj/Tloc      100%       3d10      1%          2
 Passwall                 Tmut/Erth      78%        N/A       1%          2
 Poisonous Vapours        Pois/Air       100%       N/A       1%          2
 Sublimation of Blood     Necr           56%        N/A       1%          2
 Call Canine Familiar     Summ           56%        N/A       1%          3
 Dazzling Flash           Conj/Hex       100%       N/A       1%          3
 Gell's Gravitas          Tloc           56%        N/A       1%          3
 Hailstorm                Conj/Ice       100%       3d20      1%          3
 Inner Flame              Hex/Fire       56%        N/A       1%          3
 Mephitic Cloud           Conj/Pois/Air  98%        N/A       1%          3
 Ozocubu's Armour         Ice            56%        N/A       1%          3
 Portal Projectile        Hex/Tloc       100%       N/A       1%          3
 Summon Guardian Golem    Hex/Summ       56%        N/A       1%          3
 Swiftness                Air            56%        N/A       1%          3
 Teleport Other           Tloc           56%        N/A       1%          3
 Tukima's Dance           Hex            56%        N/A       1%          3
 Animate Armour           Summ/Erth      100%       N/A       1%          4
 Fulminant Prism          Conj/Hex       56%        3d24      1%          4
 Petrify                  Tmut/Erth      94%        N/A       1%          4
 Fireball                 Conj/Fire      56%        3d22      1%          5
 Irradiate                Conj/Tmut      56%        3d30      1%          5
 Orb of Destruction       Conj           72%        9d17      1%          7
 Ice Form                 Ice/Tmut       56%        N/A       5%          4
 Olgreb's Toxic Radiance  Pois           56%        N/A       5%          4
 Passage of Golubria      Tloc           56%        N/A       5%          4
 Summon Ice Beast         Ice/Summ       56%        N/A       5%          4
 Summon Lightning Spire   Summ/Air       56%        N/A       5%          4
 Lehudib's Crystal Spear  Conj/Erth      66%        10d15     10%         8
 Blade Hands              Tmut           28%        N/A       14%         5
 Metabolic Englaciation   Hex/Ice        28%        N/A       14%         5
 Silence                  Hex/Air        28%        N/A       14%         5
 Summon Mana Viper        Hex/Summ       56%        N/A       14%         5
 Yara's Violent Unravell  Hex/Tmut       28%        3d12      14%         5
 Simulacrum               Ice/Necr       28%        N/A       63%         6
 Enfeeble                 Hex            28%        N/A       99%         7
 Malign Gateway           Summ/Tloc      28%        N/A       99%         7
 Monstrous Menagerie      Summ           28%        N/A       99%         7
 Discord                  Hex            28%        N/A       100%        8
 Disjunction              Tloc           28%        N/A       100%        8
 Chain Lightning          Conj/Air       56%        3d74      100%        9
 Dragon's Call            Summ           28%        N/A       100%        9
 Fire Storm               Conj/Fire      56%        8d14      100%        9
 Shatter                  Erth           59%        3d44*     100%        9


Dungeon Overview and Level Annotations

Branches:
Dungeon (15/15)            Temple (0/1) D:4            Lair (5/5) D:10
 Shoals (0/4) Lair:3       Spider (0/4) Lair:2        Slime (0/5) Lair:4
    Orc (2/2) D:11            Elf (1/3) Orc:2        Vaults (0/5) D:14
 Depths (0/4) D:15        Ossuary (visited)         Gauntlet (visited)

Shops:
D:5 *:   D:8 !   D:15 *   Orc:2 *!:[

Portals:
Pandemonium: Orc:2


Innate Abilities, Weirdness & Mutations

You have an increased reservoir of magic. (+10% MP)
You shall have no god before yourself.
Your divine heritage dramatically boosts your attributes as you level up.
You have large cloven feet.
Your body sometimes deteriorates upon taking damage.
Your muscles are strong. (Str +4, Int/Dex -1)


Message History

You kill the deep elf zephyrmancer!
As you read the scroll of teleportation, it crumbles to dust.
You feel strangely unstable.
The deep elf high priest shoots an arrow.
The arrow hits you but does no damage.
Unknown command.
Your surroundings suddenly seem different.
A deep elf pyromancer comes into view. It is wielding a +0 long sword.
A +2 halberd of venom comes into view.
Found a stone staircase leading down.
The +2 halberd of venom barely misses you.
The +2 halberd of venom barely misses you.
The +2 halberd of venom misses you.
The +2 halberd of venom attacks as you move away!
The +2 halberd of venom hits you!
The +2 halberd of venom hits you from afar!!
The +2 halberd of venom hits you from afar.
You open the door.
A water elemental comes into view.
The +2 halberd of venom hits you from afar!!
* * * LOW HITPOINT WARNING * * *
Casting: Iron Shot (mildly dangerous; 1% risk of failure)
Confirm with . or Enter, or press ? or * to list all spells.
You feel a surge of power!
You erupt in a blast of force!
The mystic blast hits the +2 halberd of venom.
The +2 halberd of venom is moderately damaged.
The +2 halberd of venom is knocked back by the mystic blast.
The +2 halberd of venom slams into the rock wall!
The +2 halberd of venom is severely damaged.
You hear a shout!
Unknown command.
Unknown command.
Casting: Iskenderun's Mystic Blast (safe; 1% risk of failure)
Confirm with . or Enter, or press ? or * to list all spells.
You feel a surge of power!
You erupt in a blast of force!
The mystic blast hits the water elemental!
The water elemental is moderately damaged.
The water elemental is knocked back by the mystic blast.
The +2 halberd of venom hits you from afar!!
You die...

#### #..## #...##
##.####....##
#....E'@.(..#
....###.....+ #
#.....# #.....#
##....####+##
#...........#
.............e.#
...............#
....#...#......##


You could see a water elemental and a +2 halberd of venom.

Vanquished Creatures
  Saint Roka (Orc:2)
  An orc warlord (Orc:1)
  A minotaur (Gauntlet)
  The ghost of LavenderCorpse the Destroyer, a journeyman DrCj of Sif Muna (Lair:1)
  An ettin (D:15)
  Snorg (D:13)
  Josephine (Orc:2)
  A fire dragon (Lair:5)
  2 demonspawn (Orc:2)
  A catoblepas (Lair:2)
  An ogre mage (D:15)
  7 two-headed ogres
  5 centaur warriors
  4 hydras
  4 dancing weapons
  A death knight (D:13)
  4 death yaks (Lair:5)
  4 boulder beetles
  6 orc high priests (Orc:2)
  A tengu warrior (D:15)
  A hell knight (D:15)
  A deep elf knight (Elf:1)
  Sonja (Lair:4)
  5 skeletal warriors (D:13)
  2 skysharks
  A deep troll (D:15)
  2 deep elf archers (Elf:1)
  A glowing orange brain (Gauntlet)
  A lindwurm (Lair:5)
  A phantasmal warrior (D:13)
  5 wizards
  9 orc sorcerers
  2 wolf spiders (Lair:2)
  2 deep elf zephyrmancers (Elf:1)
  5 deep elf pyromancers
  10 orc knights
  3 oklob plants (Lair:4)
  2 cyclopes
  2 manticores
  9 ugly things
  23 elephants
  2 moths of wrath (Lair:1)
  8 black mambas
  3 molten gargoyles
  7 cane toads
  Maggie (D:7)
  3 rime drakes
  A kobold demonologist (D:13)
  3 unseen horrors
  3 efreet
  An ice devil (Orc:2)
  2 freezing wraiths
  12 komodo dragons
  4 polar bears
  A hellwing (Orc:2)
  A red devil (Orc:2)
  2 blink frogs (Lair:1)
  3 trolls
  6 dream sheep (Lair:4)
  Sigmund (D:4)
  An air elemental (Elf:1)
  12 slime creatures
  6 shadows
  A culicivora (Lair:2)
  6 wraiths
  52 yaks
  A vampire (D:13)
  6 wyverns
  2 water elementals
  2 fire elementals
  9 basilisks
  2 neqoxecs (Orc:2)
  5 vampire mosquitoes
  Menkaure (D:7)
  Edmund (D:4)
  4 steam dragons
  2 wargs (Orc:1)
  Duvessa (D:7)
  An acid dragon (D:11)
  16 water moccasins
  5 hell hounds (Lair:5)
  A sky beast (D:5)
  A black bear (shapeshifter) (Elf:1)
  47 orc warriors
  6 ice beasts
  6 black bears
  11 ogres
  11 wolves
  14 centaurs
  5 kobold brigands
  An elf zombie (Ossuary)
  5 scorpions
  14 bullfrogs
  4 gnoll sergeants (D:11)
  4 wights (D:7)
  Dowan (D:7)
  3 killer bees (D:11)
  7 howler monkeys
  5 electric eels
  5 lava snakes (Lair:5)
  3 human zombies (Ossuary)
  6 hounds
  4 jellies (D:6)
  23 orc priests
  2 sleepcaps
  2 iguanas
  Ijyb (D:3)
  Terence (D:2)
  Natasha (thrice) (D:2)
  23 orc wizards
  3 hound zombies (Ossuary)
  4 mummies (Ossuary)
  3 adders (D:5)
  5 gnolls (D:11)
  A shadow imp (Gauntlet)
  14 white imps
  An ufetubus (D:4)
  An adder zombie (Ossuary)
  2 worms
  5 dart slugs
  102 orcs
  9 ball pythons
  2 bats (D:1)
  6 endoplasms
  5 giant cockroaches
  6 goblins
  9 hobgoblins
  7 jackals
  3 quokkas
  A frilled lizard (D:3)
  2 hobgoblin zombies (Ossuary)
  19 kobolds
  An orc zombie (Ossuary)
  7 rats
  A rat zombie (Ossuary)
774 creatures vanquished.

Vanquished Creatures (collateral kills)
  6 ball lightnings
6 creatures vanquished.

Vanquished Creatures (others)
  An orc wizard (D:7)
  146 ball lightnings
147 creatures vanquished.

Grand Total: 927 creatures vanquished

Notes
Turn   | Place    | Note
-------+----------+-------------------------------------------
     0 | D:1      | McKennaii the Demigod Conjurer began the quest for the Orb.
     0 | D:1      | Reached XP level 1. HP: 14/14 MP: 5/5
   354 | D:1      | Reached XP level 2. HP: 19/20 MP: 1/7
   357 | D:1      | Learned a level 2 spell: Searing Ray
   593 | D:1      | Reached skill level 4 in Conjurations
  1310 | D:1      | Reached XP level 3. HP: 26/26 MP: 6/9
  1718 | D:2      | Noticed Terence
  1780 | D:2      | Killed Terence
  2042 | D:2      | Reached XP level 4. HP: 33/33 MP: 8/11
  2047 | D:2      | Learned a level 4 spell: Iskenderun's Mystic Blast
  2348 | D:2      | Noticed Natasha
  2351 | D:2      | Killed Natasha
  2404 | D:2      | Noticed Natasha
  2406 | D:2      | Killed Natasha
  2425 | D:2      | Noticed Natasha
  2430 | D:2      | Killed Natasha
  2680 | D:2      | Reached XP level 5. HP: 24/38 MP: 0/13
  2783 | D:3      | Reached skill level 5 in Conjurations
  3039 | D:3      | Noticed Ijyb
  3053 | D:3      | Killed Ijyb
  3802 | D:4      | Noticed Sigmund
  3805 | D:4      | Noticed a black bear
  4088 | D:4      | Killed Sigmund
  4089 | D:4      | Reached XP level 6. HP: 34/45 MP: 3/16
  4289 | D:4      | Reached skill level 6 in Conjurations
  4682 | D:4      | Noticed Edmund
  4694 | D:4      | Killed Edmund
  4695 | D:4      | Reached skill level 5 in Spellcasting
  4695 | D:4      | Reached XP level 7. HP: 6/50 MP: 4/18
  4862 | D:4      | Found a staircase to the Ecumenical Temple.
  5018 | D:5      | Entered Level 5 of the Dungeon
  5177 | D:5      | Found Qoampo's Assorted Antiques.
  5204 | D:5      | Bought a scroll labelled XOKHLA FUIHAKAC for 32 gold pieces
  5204 | D:5      | Bought 2 dark potions for 57 gold pieces
  5216 | D:5      | Found a sand-covered staircase.
  5264 | D:5      | Reached skill level 7 in Conjurations
  5413 | Ossuary  | Entered an ossuary
  5501 | Ossuary  | Reached XP level 8. HP: 47/57 MP: 1/20
  6025 | D:5      | Identified the ring "Qinkyif" {Ice *Slow rPois Int+3}
  6538 | D:5      | Found Sida's Book Shop.
  6700 | D:6      | Reached skill level 8 in Conjurations
  7958 | D:7      | Reached XP level 9. HP: 55/62 MP: 12/24
  8102 | D:7      | Reached skill level 9 in Conjurations
  8103 | D:7      | Noticed Menkaure
  8110 | D:7      | Killed Menkaure
  8375 | D:7      | Noticed Duvessa
  8377 | D:7      | Noticed Dowan
  8590 | D:7      | Noticed Maggie
  8600 | D:7      | Killed Maggie
  8899 | D:7      | Killed Duvessa
  8900 | D:7      | Reached skill level 10 in Conjurations
  8900 | D:7      | Killed Dowan
  9307 | D:8      | Found Fiud's Distillery.
  9311 | D:8      | Bought a potion of ambrosia for 112 gold pieces
  9311 | D:8      | Bought a potion of brilliance for 56 gold pieces
  9311 | D:8      | Bought a potion of degeneration for 14 gold pieces
 10274 | D:9      | HP: 1/62 [steam dragon/ball of steam (21)]
 10720 | D:9      | Reached XP level 10. HP: 54/69 MP: 16/27
 11335 | D:9      | Reached skill level 11 in Conjurations
 11627 | D:10     | Entered Level 10 of the Dungeon
 11655 | D:10     | Found a staircase to the Lair.
 11839 | D:10     | Reached skill level 10 in Spellcasting
 12419 | D:10     | Noticed a two-headed ogre
 12439 | D:10     | Killed a two-headed ogre
 12606 | D:10     | You fall into a shaft and drop 3 floors!
 12614 | D:13     | Noticed a two-headed ogre
 12629 | D:13     | Killed a two-headed ogre
 12724 | D:13     | Reached skill level 12 in Conjurations
 12794 | D:13     | Reached XP level 11. HP: 74/74 MP: 19/30
 12866 | D:13     | Noticed a centaur warrior
 12902 | D:13     | Noticed a death knight
 12902 | D:13     | Noticed a phantasmal warrior
 12903 | D:13     | Noticed a skeletal warrior
 12987 | D:13     | Noticed Snorg
 13581 | D:10     | Noticed a two-headed ogre
 13588 | D:10     | Killed a two-headed ogre
 14281 | D:11     | Found a staircase to the Orcish Mines.
 14660 | D:11     | Reached skill level 13 in Conjurations
 15100 | D:11     | Noticed a two-headed ogre
 15110 | D:11     | Killed a two-headed ogre
 16886 | D:12     | Reached XP level 12. HP: 81/81 MP: 20/33
 17187 | Lair:1   | Entered Level 1 of the Lair of Beasts
 17661 | Lair:1   | Found a transporter.
 17663 | Lair:1   | Noticed LavenderCorpse's ghost (journeyman DrCj)
 17724 | Lair:1   | Found a transporter.
 18332 | Lair:2   | Noticed a catoblepas
 18335 | Lair:2   | Reached skill level 14 in Conjurations
 18343 | Lair:2   | HP: 3/81 [elephant (7)]
 18801 | Lair:2   | Found a hole to the Spider Nest.
 18806 | Lair:2   | Noticed a boulder beetle
 18828 | Lair:2   | Killed a boulder beetle
 18903 | Lair:2   | Noticed a six-headed hydra
 18917 | Lair:2   | Killed a six-headed hydra
 18929 | Lair:2   | Noticed a five-headed hydra
 19291 | Lair:2   | Killed a five-headed hydra
 20087 | Lair:2   | Killed a catoblepas
 20648 | Lair:2   | Reached skill level 15 in Conjurations
 21186 | Lair:3   | Found a gate leading to a gauntlet.
 21226 | Lair:3   | Learned a level 3 spell: Stone Arrow
 21239 | Gauntlet | Entered a Gauntlet
 21239 | Gauntlet | Found a transporter.
 21239 | Gauntlet | Found a transporter.
 21239 | Gauntlet | Found a transporter.
 21243 | Gauntlet | Found a transporter.
 21243 | Gauntlet | Found a transporter.
 21245 | Gauntlet | Found a transporter.
 21253 | Gauntlet | Found a transporter.
 21257 | Gauntlet | Found a transporter.
 21260 | Gauntlet | Noticed a cacodemon
 21272 | Gauntlet | Found a transporter.
 21273 | Gauntlet | Found a transporter.
 21291 | Gauntlet | Found a transporter.
 21295 | Gauntlet | Found a transporter.
 21470 | Gauntlet | Reached skill level 1 in Earth Magic
 21533 | Gauntlet | Identified the ring of the Blue Skies {rElec Str+6 Dex+3}
 21573 | Gauntlet | Learned a level 6 spell: Conjure Ball Lightning
 21833 | Gauntlet | Identified the +4 plate armour "Kusch" {rN+ Will+ rCorr
                  | Dex+5}
 21833 | Gauntlet | Noticed a minotaur
 21842 | Gauntlet | Killed a minotaur
 21843 | Gauntlet | Reached XP level 13. HP: 69/86 MP: 22/35
 21902 | Gauntlet | Got Jonit's Compilation of Lightning
 22405 | Lair:3   | Found a staircase to the Shoals.
 23162 | Lair:4   | Noticed Sonja
 23167 | Lair:4   | Killed Sonja
 23543 | Lair:4   | Reached skill level 5 in Earth Magic
 24520 | Lair:4   | Found a staircase to the Slime Pits.
 25086 | Lair:5   | Entered Level 5 of the Lair of Beasts
 26927 | Lair:5   | Reached XP level 14. HP: 93/93 MP: 25/37
 27099 | Lair:5   | Found a large runed translucent door.
 27102 | Lair:5   | Found a large runed translucent door.
 27363 | Lair:5   | Reached skill level 16 in Conjurations
 28129 | Lair:1   | Killed LavenderCorpse's ghost
 28252 | Lair:1   | Identified the ring "Zuskix Sic" {rPois Int+6 Stlth+}
 28257 | Lair:1   | Got the Almanac of Bombardment
 28408 | Orc:1    | Entered Level 1 of the Orcish Mines
 28832 | Orc:1    | Found a transporter.
 28850 | Orc:1    | Found a transporter.
 28857 | Orc:1    | Found a transporter.
 28877 | Orc:1    | Found a transporter.
 28878 | Orc:1    | Noticed an orc warlord
 28951 | Orc:2    | Entered Level 2 of the Orcish Mines
 30058 | Orc:2    | Noticed Saint Roka
 30117 | Orc:2    | Killed Saint Roka
 30366 | Orc:2    | Noticed Josephine
 30378 | Orc:2    | Killed Josephine
 30595 | Orc:2    | Found Idoeli's General Store.
 30610 | Orc:2    | Reached skill level 10 in Earth Magic
 30632 | Orc:2    | Learned a level 5 spell: Freezing Cloud
 31093 | Orc:2    | Found Her Ynta's Distillery.
 31099 | Orc:2    | Gained mutation: You have hidden genetic defects. [a
                  | neqoxec]
 31101 | Orc:2    | Gained mutation: Your spells are a little easier to cast,
                  | but a little less powerful. [a neqoxec]
 31432 | Orc:2    | Reached skill level 15 in Spellcasting
 31593 | Orc:2    | Bought a potion of cancellation for 112 gold pieces
 31593 | Orc:2    | Bought a potion of curing for 42 gold pieces
 31593 | Orc:2    | Bought a potion of brilliance for 56 gold pieces
 31593 | Orc:2    | Bought a potion of curing for 42 gold pieces
 31593 | Orc:2    | Bought a potion of heal wounds for 70 gold pieces
 31593 | Orc:2    | Bought a potion of curing for 42 gold pieces
 31593 | Orc:2    | Bought a potion of heal wounds for 70 gold pieces
 31595 | Orc:2    | Bought a potion of haste for 120 gold pieces
 31595 | Orc:2    | Bought a potion of brilliance for 48 gold pieces
 32489 | Orc:2    | Gained mutation: You are vulnerable to heat. (rF-) [hidden
                  | defects]
 32627 | Orc:2    | Found Uveol's Book Boutique.
 32627 | Orc:2    | Found Ujabbum's Antique Armour Shop.
 32628 | Orc:2    | Found a one-way gate leading to the halls of Pandemonium.
 32700 | Orc:2    | Found a staircase to the Elven Halls.
 32824 | Orc:2    | Bought a book of Iron for 432 gold pieces
 32832 | Orc:2    | Learned a level 6 spell: Iron Shot
 32975 | Orc:1    | Reached skill level 17 in Conjurations
 33170 | Orc:1    | Killed an orc warlord
 33385 | D:13     | Reached XP level 15. HP: 60/99 MP: 17/39
 33774 | D:13     | Got Asmodeus's Directory of Assembling
 33836 | D:13     | Killed Snorg
 33846 | D:13     | Gained mutation: Your body sometimes deteriorates upon
                  | taking damage. [hidden defects]
 33846 | D:13     | Lost mutation: You have hidden genetic defects. [hidden
                  | defects expressed]
 33916 | D:13     | Lost mutation: Your spells are a little easier to cast, but
                  | a little less powerful. [potion of mutation]
 33916 | D:13     | Lost mutation: You are vulnerable to heat. (rF-) [potion of
                  | mutation]
 33916 | D:13     | Gained mutation: Your muscles are strong. (Str +4, Int/Dex
                  | -1) [potion of mutation]
 33916 | D:13     | Gained mutation: You have large cloven feet. [potion of
                  | mutation]
 35495 | D:14     | Found a gate to the Vaults.
 36782 | D:15     | Entered Level 15 of the Dungeon
 37600 | D:15     | Found a staircase to the Depths.
 37627 | D:15     | Reached skill level 18 in Conjurations
 37750 | D:15     | Found Naozoeme's Demolitions Depot.
 38681 | D:15     | Bought a book of Annihilations for 840 gold pieces
 38908 | Elf:1    | Entered Level 1 of the Elven Halls
 39022 | Elf:1    | Paralysed by an air elemental for 1 turns
 39437 | Elf:1    | Slain by a +2 halberd of venom

Illustrated notes

Levels and vault maps discovered:
D:1:      eino_arrival_tree_alley, layout_loops_cross, serial_forest,
          infiniplex_forest_diagonal, infiniplex_forest_straight_2,
          infiniplex_forest_straight_1, infiniplex_forest_lined_corner,
          infiniplex_forest_zigzag_1, infiniplex_forest_clump_small,
          infiniplex_forest_clump_tiny, infiniplex_forest_straight_1
D:2:      layout_basic, basic_altar, grunt_decor_cap, uniq_natasha, uniq_terence
D:3:      layout_loops_ring, uniq_ijyb
D:4:      layout_loops_cross, temple_green, uniq_edmund, uniq_sigmund
D:5:      layout_loops_ring, serial_shops, kennysheep_mini, nicolae_shop_trees,
          nicolae_ossuary_entry_false_entrances, kennysheep_windowed_goal
D:6:      layout_basic, mainiacjoe_overflow_chevrons, grunt_ministairs_14,
          wad_rectangle_vault
D:7:      layout_basic, uniq_menkaure, uniq_maggie, uniq_duvessa
D:8:      layout_loops_corners, serial_shops, nicolae_stop_n_shop_2
D:9:      layout_loops_cross
D:10:     layout_roguey, due_lair_maze_entry_diamond, serial_co_window_serial,
          co_window_paths_b, co_window_paths_a, co_window_paths_a,
          co_window_paths_b, co_window_corner_a, co_window_paths_a,
          co_window_of_opportunity_a, co_window_corner_cb, co_window_broadway_a,
          co_window_corner_b, co_window_corner_b, glass_columns_a,
          glass_columns_c, glass_columns_a
D:11:     layout_loops_ring, kennysheep_orc_monster_closet_entryway,
          chequers_jeans
D:12:     layout_grid_maze
D:13:     cheibrodos_lost_city_excavation, layout_grid_maze, uniq_snorg
D:14:     layout_rooms, erik_vaults_1, minmay_misc_feat_tiny,
          nicolae_eternal_life, minmay_puff
D:15:     hangedman_depths_entry_civil_slaughter, layout_loops_ring,
          chequers_big_river, nicolae_blasting_shop, minmay_misc_feat_doors
Lair:1:   layout_roguey, gammafunk_ghost_berserking_beasts,
          minmay_stone_trees_medium
Lair:2:   layout_cave_pods, spider_nest_entry_funnel_web,
          portal_ice_cave_entry_imps, grunt_megastairs_3
Lair:3:   layout_roguey, shoals_dummy_entry, gauntlet_entry_generic,
          grunt_megastairs_2
Lair:4:   layout_regular_city, minmay_slime_entry_oklob_enclosed,
          chequers_serial_rivers_room_b, uniq_sonja
Lair:5:   cheibrodos_lair_end_hotspot, layout_gridlike,
          infiniplex_staircase_pool
Orc:1:    dreamdust_wu_jian_sword_trials, layout_caves, basic_altar
Orc:2:    pf_orc_diabolical, layout_diamond_mine, uniq_josephine,
          uniq_saint_roka
Elf:1:    layout_gridlike, hangedman_corner_corridor, minmay_shop_grid_forest,
          minivault_15

Skill      XL: |  1  2  3  4  5  6  7  8  9 10 11 12 13 14 15 |
---------------+----------------------------------------------+-----
Spellcasting   | 2 3 4 5 6 7 9 10 12 13 14 15 16 | 16.5
Conjurations   | 4 5 6 7 8 10 12 13 15 17 18 | 18.0
Earth Magic    | 2 7 10 | 10.4
Dodging        | |  1.7
Stealth        | |  1.7

Action                     |  1- 3 |  4- 6 |  7- 9 | 10-12 | 13-15 || total
---------------------------+-------+-------+-------+-------+-------++-------
  Melee: Unarmed           |    27 |     7 |       |       |       ||    34
         Halberd           |       |     9 |       |       |       ||     9
         Flail             |       |       |     3 |    19 |    20 ||    42
         Punch             |       |       |       |       |     2 ||     2
   Cast: Magic Dart        |    87 |    97 |   154 |   130 |       ||   468
         Searing Ray       |     3 |    15 |    73 |   134 |     4 ||   229
         Iskenderun's Myst |       |       |     3 |   126 |    66 ||   195
         Conjure Ball Ligh |       |       |       |     5 |    57 ||    62
         Stone Arrow       |       |       |       |       |   273 ||   273
         Freezing Cloud    |       |       |       |       |    30 ||    30
         Iron Shot         |       |       |       |       |   112 ||   112
  Evoke: Wand              |       |       |       |    11 |     3 ||    14
    Use: Scroll            |       |       |    13 |    11 |     8 ||    32
         Potion            |       |       |       |       |     2 ||     2
 Armour: Robe              |     6 |    15 |    39 |    94 |    56 ||   210
  Dodge: Dodged            |    36 |    47 |    84 |   141 |   109 ||   417
